[Event "CZE-ch Open 2019"]
[Site "Ostrava"]
[Date "2019.05.05"]
[Round "9.29"]
[White "Neumann, Filip"]
[Black "Kolar, Stanislav"]
[Result "1/2-1/2"]
[ECO "B01"]
[WhiteElo "2076"]
[BlackElo "2091"]
[Annotator "NA"]
[PlyCount "233"]
[EventDate "2019.04.27"]
[EventType "swiss"]
[EventCountry "CZE"]
[SourceTitle "playchess.com"]
[Source "ChessBase"]
[SourceQuality "1"]
[TimeControl "40/5400+30:1800+30"]

1. e4 d5 2. exd5 Qxd5 3. Nc3 Qd6 4. d4 Nf6 5. Nf3 Nc6 (5... Bg4 6. h3 Bh5 7. g4 Bg6 8. Ne5 Nbd7 9. Bf4 Nxe5 10. Bxe5 Qb6 11. Qf3 O-O-O 12. O-O-O e6 13. Bd3 Bb4 14. Bxg6 hxg6 {½-½ (55) Caruana,F (2828)-Moranda,W (2593) chess.com INT 2019}) 6. h3 {[%emt 0:04:42] B01: Scandinavian Defence} a6 7. g3 e5 8. dxe5 Qxd1+ $146 ({Predecessor:} 8... Qe6 9. Qe2 Nd7 10. Bf4 h6 11. h4 Nb6 12. Bg2 Bb4 {1-0 (36) Vovk,A (2504)-Aepfler,C (2282) Pardubice 2007}) 9. Nxd1 Nd7 10. Bf4 Nc5 11. Nc3 Be6 12. O-O-O h6 13. Bg2 g5 14. Be3 Nd7 15. Nd4 Nxd4 16. Bxd4 O-O-O 17. f4 Rg8 18. Be4 Nc5 19. Bxc5 Bxc5 20. f5 Bc4 21. b3 Bb5 22. Nxb5 axb5 23. g4 Be3+ 24. Kb1 c6 25. e6 fxe6 26. fxe6 Kc7 27. Bf5 Rge8 28. c3 Rxd1+ 29. Rxd1 Re7 30. Kc2 Bc5 31. Kd3 Bd6 32. Ke4 Re8 33. Kf3 Re7 34. Re1 Rg7 35. Rd1 Rg8 36. Kf2 Rd8 37. Kg2 Re8 38. h4 Rg8 39. h5 Re8 40. Re1 Kd8 41. Bg6 Rf8 42. Bf7 Ke7 43. Rd1 Ra8 44. Rd2 Rd8 45. Kf3 Bc7 46. Re2 Bf4 47. Ke4 Rd5 48. c4 bxc4 49. bxc4 Re5+ 50. Kd3 Ra5 51. Rb2 b5 52. cxb5 cxb5 53. Ke4 Kf6 54. Kd5 b4+ 55. Kc6 Ra6+ 56. Kb7 Ra3 57. Rxb4 Rxa2 58. Rd4 Be3 59. Rc4 Bf4 60. Rc8 Bd6 61. Rg8 Ra4 62. Kc6 Ba3 63. Rg6+ Ke7 64. Rxh6 Rxg4 65. Rg6 Bb2 66. Rg8 Rg1 67. Re8+ Kf6 68. Bg6 Rh1 69. Kd5 Rd1+ 70. Kc4 Rh1 71. Kd3 Ba3 72. Ke2 Bd6 73. Kf3 Rh3+ 74. Kg2 g4 75. Bf7 Rh2+ 76. Kg1 g3 $11 77. Rg8 Bc5+ 78. Kf1 Rf2+ 79. Kg1 Ke7 80. Rxg3 Rxf7+ 81. Kg2 Kxe6 82. Kh3 Rf4 83. Rg5 Be7 84. Rb5 Bf6 85. Ra5 Be5 86. h6 Rf6 87. Kg4 Rxh6 88. Ra6+ Bd6 89. Ra5 Rf6 90. Rb5 Rf4+ 91. Kg5 Rf3 92. Kg6 Rf6+ 93. Kg5 Rf8 94. Kg4 Rg8+ 95. Rg5 Rb8 96. Ra5 Rb3 97. Rg5 Be5 98. Rg6+ Bf6 99. Kf4 Rb4+ 100. Ke3 Ke5 101. Kd3 Rd4+ 102. Kc3 Rd6 103. Kc4 Rc6+ 104. Kd3 Kd5 105. Rg4 Rc3+ 106. Kd2 Bd4 107. Rg8 Rf3 108. Re8 Kc4 109. Re7 Rf8 110. Re4 Kd5 111. Re7 Bc5 112. Rh7 Kc4 113. Rh4+ Bd4 114. Re4 Rf2+ 115. Re2 Rf3 116. Re8 Ra3 117. Ke2 1/2-1/2

[Event "CZE-ch Open 2019"]
[Site "Ostrava"]
[Date "2019.05.05"]
[Round "9.30"]
[White "Vanek, Tomas"]
[Black "Kana, Pavel"]
[Result "1/2-1/2"]
[ECO "B12"]
[WhiteElo "2095"]
[BlackElo "2013"]
[Annotator "NA RC"]
[PlyCount "60"]
[EventDate "2019.04.27"]
[EventType "swiss"]
[EventCountry "CZE"]
[SourceTitle "playchess.com"]
[Source "ChessBase"]
[SourceQuality "1"]
[TimeControl "40/5400+30:1800+30"]

1. e4 c6 2. d4 d5 3. e5 Bf5 4. h4 h5 5. c4 Bxb1 (5... e6 6. Nc3 Ne7 7. Nge2 Bg4 8. Bg5 Qb6 9. c5 Qc7 10. f3 Bf5 11. Ng3 f6 12. Bf4 Nd7 13. exf6 Qxf4 14. Nce2 Qh6 15. fxe7 Bxe7 16. Nxf5 exf5 {½-½ (27) Sutovsky,E (2647)-Artemiev,V (2704) Poikovsky 2018}) 6. Rxb1 {B12: Caro-Kann: Advance Variation} e6 7. Qb3 Qb6 8. Qxb6 $146 ({Predecessor:} 8. c5 Qxb3 9. axb3 Nd7 10. b4 a6 11. Bd3 g6 12. f4 Nh6 13. Be3 {½-½ (27) Bryzgalin,K (2480)-Pantsulaia,L (2510) playchess.com INT 2005}) 8... axb6 9. a3 dxc4 10. Bxc4 b5 11. Bb3 Ne7 12. Nf3 Nd7 13. O-O Nb6 14. Bd2 Ned5 15. Ng5 Be7 16. Ne4 O-O 17. Ng3 Bxh4 18. Nxh5 Nc4 19. Bxc4 bxc4 20. Rbc1 b5 21. g3 Be7 22. Kg2 g6 23. Nf4 $11 Nxf4+ 24. Bxf4 Kg7 25. Bd2 Rfd8 26. Bc3 Rh8 27. Rh1 Rxh1 28. Rxh1 Rh8 29. Rxh8 Kxh8 30. Kf3 Kg8 1/2-1/2

[Event "CZE-ch Open 2019"]
[Site "Ostrava"]
[Date "2019.05.05"]
[Round "9.31"]
[White "Didi, Jan"]
[Black "Valencik, Jozef"]
[Result "1/2-1/2"]
[ECO "C03"]
[WhiteElo "2025"]
[BlackElo "2057"]
[Annotator "NA"]
[PlyCount "122"]
[EventDate "2019.04.27"]
[EventType "swiss"]
[EventCountry "CZE"]
[SourceTitle "playchess.com"]
[Source "ChessBase"]
[SourceQuality "1"]
[TimeControl "40/5400+30:1800+30"]

1. e4 e6 2. d4 d5 3. Nd2 Nc6 4. c3 e5 5. exd5 Qxd5 6. Ngf3 Bg4 {[%emt 0:08:30] C04: French Tarrasch: 3...Nc6} (6... exd4 7. Bc4 Qh5 8. cxd4 Nf6 9. O-O Be7 10. Ne5 Qxd1 11. Rxd1 Nd8 12. d5 O-O 13. Bb3 a5 14. Ndc4 a4 15. Bc2 Re8 16. d6 Bxd6 17. Nxd6 cxd6 {½-½ (59) Lagarde,M (2540)-Bauer,C (2618) Saint-Quentin 2015}) 7. Qa4 Bxf3 8. Bc4 $146 ({Predecessor:} 8. Nxf3 Qe4+ 9. Be3 exd4 10. Bb5 O-O-O 11. Bxc6 Qxc6 12. Qxc6 bxc6 13. Nxd4 Kb7 14. O-O-O {1-0 (25) Trujillo Delgado,D (2118)-Palacios Llorente,J Madrid 2003}) 8... Qa5 9. Qb3 O-O-O 10. Nxf3 exd4 11. O-O Nf6 12. cxd4 Nxd4 13. Nxd4 Rxd4 14. Be3 Rd8 15. Bxf7 Bc5 16. Bxc5 Qxc5 17. Rac1 Qb6 18. Qg3 g6 19. Rfe1 Kb8 20. Re7 Rd7 21. Qe5 Rhd8 22. h3 Rxe7 23. Qxe7 Qd6 24. Re1 Qxe7 25. Rxe7 Rd7 26. Rxd7 Nxd7 27. f4 c5 28. Kf2 Kc7 29. Kf3 Nf6 30. g4 Kd6 31. g5 Nd7 32. Bg8 Nf8 33. h4 b5 34. Ke4 a5 35. b3 c4 36. bxc4 b4 37. c5+ Kxc5 38. Ke5 a4 39. Kf6 Kd6 40. Bc4 Kc5 {[%emt 0:01:11] [#]} 41. Bf7 $1 Kd6 $1 42. Bg8 Nd7+ $2 (42... b3 $11 {and Black has nothing to worry.} 43. axb3 Nd7+ 44. Kg7 a3 45. b4 $16) 43. Kg7 Nc5 $18 (43... b3) 44. Kxh7 Ne6 45. Bxe6 Kxe6 46. Kxg6 b3 47. f5+ Kd7 48. axb3 axb3 49. f6 b2 50. f7 b1=Q+ 51. Kg7 Qb2+ 52. Kg8 Qb3 53. Kg7 Qc3+ 54. Kg8 Qc4 55. Kg7 Qd4+ 56. Kg8 Qd5 57. Kg7 Qe5+ 58. Kg8 Qe6 59. Kg7 Qe5+ 60. Kg8 Qe6 61. Kg7 Qe5+ 1/2-1/2

[Event "CZE-ch Open 2019"]
[Site "Ostrava"]
[Date "2019.05.05"]
[Round "9.32"]
[White "Pavlicek, Lukas"]
[Black "Bures, Martin"]
[Result "1-0"]
[ECO "B03"]
[WhiteElo "1963"]
[BlackElo "2150"]
[Annotator "NA RC"]
[PlyCount "38"]
[EventDate "2019.04.27"]
[EventType "swiss"]
[EventCountry "CZE"]
[SourceTitle "playchess.com"]
[Source "ChessBase"]
[SourceQuality "1"]
[TimeControl "40/5400+30:1800+30"]

1. e4 Nf6 2. e5 Nd5 3. d4 d6 4. c4 Nb6 5. exd6 cxd6 6. Nc3 g6 7. Be3 Bg7 8. b3 Nc6 9. Nf3 Bg4 10. Be2 d5 11. c5 Nc8 12. Rc1 O-O 13. O-O e6 14. b4 Bxf3 15. Bxf3 Qh4 16. Ne2 $11 N8e7 17. b5 Na5 18. Qd2 h6 19. Qxa5 Nf5 1-0